AoeStats
← Sr.Piquete

Golden Pit

508793224Analyzed
1v1 RM · 7d ago on Sep 24, 2026· 20m 38s· 2 players
Game mode
Random Map
Map size
Tiny (2 player)
Population
200
Speed
Normal
Resources
Standard
Victory
Conquest
Starting age
Dark Age
Ending age
Imperial Age
RankedLock teamsTeams togetherTeam positionsShared explorationLock speedFull tech treeHidden civsTurbo modeCheats
Victory
Defeat
🇺🇸 Japanese · United States
1270
+15
🇨🇱 Danes · Chile
1243
-15
Sr.Piquete
8:57 Loom
11:01 Feudal Age
11:27 Man-at-Arms
18:30 Double-Bit Axe
KahTuc
6:05 Loom
9:27 Feudal Age
9:30 Man-at-Arms
16:38 Fletching
Connection lost

Rejoining the realm…

Still unreachable

The connection could not be restored.

Session expired

The server has moved on; the page needs a fresh start.